SL
RICHARDSON CITY THUNDERCATS @ FT. WORTH CATTLEMEN
09/15/2032
 
TOP OF THE 1ST
Richardson City Thundercats batting - Pitching for Ft. Worth Cattlemen : RHP Robbie Betchley
Pitching: RHP Robbie Betchley
Batting: LHB Ashley Thachi 0-0: Foul Ball, location: 2F
0-1: Ball
1-1: Foul Ball, location: 2F
1-2: SINGLE (Groundball, 6D)
Batting: RHB Anselmo Berneu 0-0: Called Strike
0-1: Ball
1-1: Foul Ball, location: 2F
1-2: Ball
2-2: Ball
3-2: Fly out, F3 (Popup, 3F)
Batting: LHB Eduardo Álvarez 0-0: Ball
1-0: Called Strike
1-1: Foul Ball, location: 2F
1-2: Ball
2-2: Foul Ball, location: 2F
2-2: Fly out, F7 (Flyball, 7D)
Batting: RHB Alfredo Pizarro 0-0: Ball
1-0: Called Strike
1-1: DOUBLE (Line Drive, 78D)
Ashley Thachi to third
Runner from 3rd tries for Home, SAFE, no throw
Batting: SHB Mitch Qualtrough 0-0: Ball
1-0: Ground out U3 (Groundball, 34S)
Top of the 1st over - 1 run, 2 hits, 0 errors, 1 left on base; Richardson City 1 - Ft. Worth 0
BOTTOM OF THE 1ST
Ft. Worth Cattlemen batting - Pitching for Richardson City Thundercats : LHP Stanford McCain
Pitching: LHP Stanford McCain
Batting: LHB Nobuo Yamashita 0-0: Called Strike
0-1: Called Strike
0-2: SINGLE (Flyball, 7LS)
Batting: RHB Otis Brewer 0-0: Fly out, F5 (Popup, 5F)
Batting: RHB Gilberto Juárez 0-0: Ball
1-0: Ball
Nobuo Yamashita steals 2nd base
2-0: Ball
3-0: Base on Balls
Batting: RHB Bart Lewis 0-0: Ground out U3 (Groundball, 34S)
Nobuo Yamashita to third
Gilberto Juárez to second
Batting: RHB Rich Flannery 0-0: Called Strike
0-1: Swinging Strike
0-2: Strikes out swinging
Bottom of the 1st over - 0 runs, 1 hit, 0 errors, 2 left on base; Richardson City 1 - Ft. Worth 0
TOP OF THE 2ND
Richardson City Thundercats batting - Pitching for Ft. Worth Cattlemen : RHP Robbie Betchley
Batting: LHB Juan Macíel 0-0: Called Strike
0-1: Fly out, F9 (Line Drive, 9D)
Batting: LHB Eric Thackston 0-0: Ball
1-0: Ball
2-0: Ball
3-0: Base on Balls
Batting: RHB Tomás Martínez 0-0: Ball
1-0: Foul Ball, location: 2F
1-1: Ball
2-1: Ball
3-1: Swinging Strike
3-2: Foul Ball, location: 2F
3-2: Strikes out swinging
Batting: LHB Denis Jerningham 0-0: Called Strike
0-1: Fly out, F9 (Line Drive, 9)
Top of the 2nd over - 0 runs, 0 hits, 0 errors, 1 left on base; Richardson City 1 - Ft. Worth 0
BOTTOM OF THE 2ND
Ft. Worth Cattlemen batting - Pitching for Richardson City Thundercats : LHP Stanford McCain
Batting: RHB Jesús Martínez 0-0: Ball
1-0: Swinging Strike
1-1: Called Strike
1-2: Ball
2-2: Ball
3-2: Ground out 3-1 (Groundball, 34S)
Batting: LHB Rick Mayfield 0-0: Ball
1-0: Swinging Strike
1-1: Foul Ball, location: 2F
1-2: Strikes out swinging
Batting: RHB Vincent Vega 0-0: Ball
1-0: Ball
2-0: Ball
3-0: Called Strike
3-1: Foul Ball, location: 2F
3-2: Strikes out swinging
Bottom of the 2nd over - 0 runs, 0 hits, 0 errors, 0 left on base; Richardson City 1 - Ft. Worth 0
TOP OF THE 3RD
Richardson City Thundercats batting - Pitching for Ft. Worth Cattlemen : RHP Robbie Betchley
Batting: LHB Ashley Thachi 0-0: Ball
1-0: Ball
2-0: Called Strike
2-1: Foul Ball, location: 2F
2-2: DOUBLE (Flyball, 8RXD)
Batting: RHB Anselmo Berneu 0-0: Called Strike
0-1: Ground out 4-3 (Groundball, 4M)
Ashley Thachi to third
Batting: LHB Eduardo Álvarez 0-0: Ball
1-0: Foul Ball, location: 2F
1-1: Foul Ball, location: 2F
1-2: Strikes out looking
Batting: RHB Alfredo Pizarro 0-0: Foul Ball, location: 2F
0-1: DOUBLE (Line Drive, 7LD)
Ashley Thachi scores
Batting: SHB Mitch Qualtrough 0-0: Ball
1-0: Called Strike
1-1: Ball
2-1: Called Strike
2-2: Foul Ball, location: 2F
2-2: Ball
3-2: Strikes out looking
Top of the 3rd over - 1 run, 2 hits, 0 errors, 1 left on base; Richardson City 2 - Ft. Worth 0
BOTTOM OF THE 3RD
Ft. Worth Cattlemen batting - Pitching for Richardson City Thundercats : LHP Stanford McCain
Batting: LHB Chris Etheridge 0-0: Foul Ball, location: 2F
0-1: Foul Ball, location: 2F
0-2: Ball
1-2: Foul Ball, location: 2F
1-2: Fly out, F2 (Popup, 25F)
Batting: LHB Nobuo Yamashita 0-0: Called Strike
0-1: Ball
1-1: Fly out, F9 (Line Drive, 9)
Batting: RHB Otis Brewer 0-0: Fly out, F6 (Line Drive, 6)
Bottom of the 3rd over - 0 runs, 0 hits, 0 errors, 0 left on base; Richardson City 2 - Ft. Worth 0
TOP OF THE 4TH
Richardson City Thundercats batting - Pitching for Ft. Worth Cattlemen : RHP Robbie Betchley
Batting: LHB Juan Macíel 0-0: Called Strike
0-1: SINGLE (Groundball, 6D)
Batting: LHB Eric Thackston 0-0: Called Strike
0-1: Ground out 4-3 (Groundball, 4M)
Juan Macíel to second
Batting: RHB Tomás Martínez 0-0: Called Strike
0-1: Ball
1-1: Swinging Strike
1-2: Ball
2-2: Fly out, F7 (Flyball, 7)
Batting: LHB Denis Jerningham 0-0: Ball
1-0: Called Strike
1-1: Fly out, F7 (Flyball, 7LM)
Top of the 4th over - 0 runs, 1 hit, 0 errors, 1 left on base; Richardson City 2 - Ft. Worth 0
BOTTOM OF THE 4TH
Ft. Worth Cattlemen batting - Pitching for Richardson City Thundercats : LHP Stanford McCain
Batting: RHB Gilberto Juárez 0-0: Called Strike
0-1: Foul Ball, location: 2F
0-2: Ball
1-2: Fly out, F8 (Flyball, 78M)
Batting: RHB Bart Lewis 0-0: Ball
1-0: Ball
2-0: DOUBLE (Line Drive, 7LD)
Batting: RHB Rich Flannery 0-0: Called Strike
0-1: Ball
1-1: Swinging Strike
1-2: SINGLE (Groundball, 4MD)
Bart Lewis to third
Runner from 3rd tries for Home, SAFE, throw made home
Batting: RHB Jesús Martínez 0-0: Called Strike
0-1: Ball
1-1: Ball
2-1: Called Strike
2-2: Strikes out looking
Batting: LHB Rick Mayfield 0-0: Ball
1-0: Fly out, F9 (Flyball, 89D)
Bottom of the 4th over - 1 run, 2 hits, 0 errors, 1 left on base; Richardson City 2 - Ft. Worth 1
TOP OF THE 5TH
Richardson City Thundercats batting - Pitching for Ft. Worth Cattlemen : RHP Robbie Betchley
Batting: LHB Ashley Thachi 0-0: Called Strike
0-1: Foul Ball, location: 2F
0-2: Foul Ball, location: 2F
0-2: Ball
1-2: Fly out, F6 (Line Drive, 6)
Batting: RHB Anselmo Berneu 0-0: Ball
1-0: Foul Ball, location: 2F
1-1: Swinging Strike
1-2: Ball
2-2: Ball
3-2: Foul Ball, location: 2F
3-2: Ground out 4-3 (Groundball, 4M)
Batting: LHB Eduardo Álvarez 0-0: Ball
1-0: Ground out 6-3 (Groundball, 6)
Top of the 5th over - 0 runs, 0 hits, 0 errors, 0 left on base; Richardson City 2 - Ft. Worth 1
BOTTOM OF THE 5TH
Ft. Worth Cattlemen batting - Pitching for Richardson City Thundercats : LHP Stanford McCain
Batting: RHB Vincent Vega 0-0: Called Strike
0-1: Ball
1-1: Called Strike
1-2: Ball
2-2: Ball
3-2: Fly out, F9 (Flyball, 9LD)
Batting: LHB Chris Etheridge 0-0: Called Strike
0-1: Called Strike
0-2: Strikes out swinging, 2-3 out at first.
Batting: LHB Nobuo Yamashita 0-0: Called Strike
0-1: Ball
1-1: Called Strike
1-2: Ball
2-2: Foul Ball, location: 2F
2-2: Foul Ball, location: 2F
2-2: Strikes out swinging
Bottom of the 5th over - 0 runs, 0 hits, 0 errors, 0 left on base; Richardson City 2 - Ft. Worth 1
TOP OF THE 6TH
Richardson City Thundercats batting - Pitching for Ft. Worth Cattlemen : RHP Robbie Betchley
Batting: RHB Alfredo Pizarro 0-0: Foul Ball, location: 2F
0-1: Ball
1-1: Swinging Strike
1-2: Foul Ball, location: 2F
1-2: Ball
2-2: Strikes out swinging
Batting: SHB Mitch Qualtrough 0-0: Foul Ball, location: 2F
0-1: Foul Ball, location: 2F
0-2: Ball
1-2: Fly out, F7 (Line Drive, 7)
Batting: LHB Juan Macíel 0-0: Foul Ball, location: 2F
0-1: Foul Ball, location: 2F
0-2: Foul Ball, location: 2F
0-2: Ball
1-2: Foul Ball, location: 2F
1-2: Ground out 6-3 (Groundball, 6M)
Top of the 6th over - 0 runs, 0 hits, 0 errors, 0 left on base; Richardson City 2 - Ft. Worth 1
BOTTOM OF THE 6TH
Ft. Worth Cattlemen batting - Pitching for Richardson City Thundercats : LHP Stanford McCain
Batting: RHB Otis Brewer 0-0: Ball
1-0: Called Strike
1-1: Ground out 6-3 (Groundball, 6)
Batting: RHB Gilberto Juárez 0-0: Called Strike
0-1: Ball
1-1: Ball
2-1: Ball
3-1: Base on Balls
Batting: RHB Bart Lewis 0-0: Swinging Strike
0-1: Foul Ball, location: 2F
0-2: Foul Ball, location: 2F
0-2: Ball
1-2: Ball
Gilberto Juárez steals 2nd base
2-2: Strikes out swinging
Batting: RHB Rich Flannery 0-0: Ball
1-0: Called Strike
1-1: Ball
2-1: Foul Ball, location: 2F
2-2: SINGLE (Flyball, 7S)
Gilberto Juárez to third
Runner from 3rd tries for Home, SAFE, no throw
Batting: RHB Jesús Martínez 0-0: Ball
1-0: Ball
2-0: Ball
3-0: Foul Ball, location: 2F
3-1: Base on Balls
Rich Flannery to second
Batting: LHB Rick Mayfield 0-0: Ball
1-0: Ball
2-0: Ball
3-0: Base on Balls
Rich Flannery to third
Jesús Martínez to second
Batting: RHB Vincent Vega 0-0: Swinging Strike
0-1: Fielders Choice at 2nd, 6-4 (Groundball, 6)
Bottom of the 6th over - 1 run, 1 hit, 0 errors, 3 left on base; Richardson City 2 - Ft. Worth 2
TOP OF THE 7TH
Richardson City Thundercats batting - Pitching for Ft. Worth Cattlemen : RHP Robbie Betchley
Batting: LHB Eric Thackston 0-0: Foul Ball, location: 2F
0-1: Ball
1-1: Swinging Strike
1-2: Fly out, F3 (Popup, 3)
Pitching: RHP Jorge Rivera
Batting: RHB Tomás Martínez 0-0: Called Strike
0-1: Ball
1-1: Ball
2-1: Ball
3-1: SINGLE (Groundball, 56D)
Batting: LHB Denis Jerningham 0-0: Called Strike
0-1: Ball
1-1: Ball
2-1: Ball
3-1: Base on Balls
Tomás Martínez to second
Batting: LHB Ashley Thachi 0-0: Called Strike
0-1: Ball
1-1: Ball
2-1: Called Strike
2-2: Ball
3-2: SINGLE (Line Drive, 8LS)
Tomás Martínez to third
Denis Jerningham to second
Pitching: LHP Pedro Ortíz
Batting: RHB Anselmo Berneu 0-0: Ball
1-0: Called Strike
1-1: Grounds into double play, 6-2-3 (Groundball, 6)
Top of the 7th over - 0 runs, 2 hits, 0 errors, 2 left on base; Richardson City 2 - Ft. Worth 2
BOTTOM OF THE 7TH
Ft. Worth Cattlemen batting - Pitching for Richardson City Thundercats : LHP Stanford McCain
Pinch Hitting: SHB Javier Vázquez 0-0: Ball
1-0: Swinging Strike
1-1: Ball
2-1: Foul Ball, location: 2F
2-2: Ball
3-2: Strikes out swinging
Pitching: RHP Josef van der Poel
Batting: LHB Nobuo Yamashita 0-0: Ground out 4-3 (Groundball, 34D)
Batting: RHB Otis Brewer 0-0: Ground out 6-3 (Groundball, 56D)
Bottom of the 7th over - 0 runs, 0 hits, 0 errors, 0 left on base; Richardson City 2 - Ft. Worth 2
TOP OF THE 8TH
Richardson City Thundercats batting - Pitching for Ft. Worth Cattlemen : LHP Pedro Ortíz
Now at SS: Lloyd Alberink
Batting: LHB Eduardo Álvarez 0-0: Ball
1-0: Ball
2-0: Called Strike
2-1: Foul Ball, location: 2F
2-2: Foul Ball, location: 2F
2-2: Foul Ball, location: 2F
2-2: Ball
3-2: Foul Ball, location: 2F
3-2: Foul Ball, location: 2F
3-2: Fly out, F9 (Flyball, 89M)
Batting: RHB Alfredo Pizarro 0-0: Ball
1-0: DOUBLE (Line Drive, 78D)
Batting: SHB Mitch Qualtrough 0-0: Called Strike
0-1: Called Strike
0-2: SINGLE (Line Drive, 78M)
Alfredo Pizarro to third
Batting: LHB Juan Macíel 0-0: Ball
1-0: Swinging Strike
1-1: Ball
2-1: SINGLE (Groundball, 56D)
Alfredo Pizarro scores
Mitch Qualtrough to second
Pinch Hitting: RHB IV Seacat 0-0: Ball
Mitch Qualtrough steals 3rd base
1-0: Ball
2-0: Foul Ball, location: 2F
2-1: Ball
3-1: SINGLE (Groundball, 6MD)
Mitch Qualtrough scores
Juan Macíel to second
Runner from 2nd tries for 3rd, OUT!
Pitching: RHP Nicholas Wells
Batting: RHB Tomás Martínez 0-0: Ball
1-0: SINGLE (Flyball, 7LS)
IV Seacat to second
Batting: LHB Denis Jerningham 0-0: Called Strike
0-1: Ball
1-1: Fly out, F6 (Popup, 6)
Top of the 8th over - 2 runs, 5 hits, 0 errors, 2 left on base; Richardson City 4 - Ft. Worth 2
BOTTOM OF THE 8TH
Ft. Worth Cattlemen batting - Pitching for Richardson City Thundercats : RHP Josef van der Poel
Now at 1B: Javier Rivera
Batting: RHB Gilberto Juárez 0-0: Fly out, F8 (Flyball, 8RD)
Batting: RHB Bart Lewis 0-0: Ball
1-0: Ball
2-0: Foul Ball, location: 2F
2-1: Called Strike
2-2: Fly out, F9 (Flyball, 89D)
Batting: RHB Rich Flannery 0-0: Swinging Strike
0-1: Ball
1-1: Called Strike
1-2: Foul Ball, location: 2F
1-2: Ground out 6-3 (Groundball, 6)
Bottom of the 8th over - 0 runs, 0 hits, 0 errors, 0 left on base; Richardson City 4 - Ft. Worth 2
TOP OF THE 9TH
Richardson City Thundercats batting - Pitching for Ft. Worth Cattlemen : RHP Nicholas Wells
Batting: LHB Ashley Thachi 0-0: Ball
1-0: Ground out 4-3 (Groundball, 4)
Batting: RHB Anselmo Berneu 0-0: Ball
1-0: Called Strike
1-1: Foul Ball, location: 2F
1-2: Ball
2-2: Strikes out swinging
Batting: LHB Eduardo Álvarez 0-0: Called Strike
0-1: Foul Ball, location: 2F
0-2: TRIPLE (Flyball, 8RXD)
Batting: RHB Alfredo Pizarro 0-0: SINGLE (Line Drive, 6MD)
Eduardo Álvarez scores
Batting: SHB Mitch Qualtrough 0-0: Ball
1-0: Ball
2-0: Ground out 4-3 (Groundball, 4S)
Top of the 9th over - 1 run, 2 hits, 0 errors, 1 left on base; Richardson City 5 - Ft. Worth 2
BOTTOM OF THE 9TH
Ft. Worth Cattlemen batting - Pitching for Richardson City Thundercats : RHP Josef van der Poel
Pitching: RHP Enrique García
Batting: RHB Jesús Martínez 0-0: Ball
1-0: Foul Ball, location: 2F
1-1: SINGLE (Groundball, 4MD)
Batting: LHB Rick Mayfield 0-0: Called Strike
0-1: Ball
1-1: Foul Ball, location: 2F
1-2: Ball
2-2: Fly out, F9 (Flyball, 9LS)
Batting: RHB Vincent Vega 0-0: Fielders Choice at 2nd, 1-6 (Groundball, 13S)
Batting: RHB Lloyd Alberink 0-0: Ball
1-0: Swinging Strike
1-1: Ball
2-1: Foul Ball, location: 2F
2-2: Strikes out swinging
Bottom of the 9th over - 0 runs, 1 hit, 0 errors, 1 left on base; Richardson City 5 - Ft. Worth 2
Wednesday, September 19th, 2018 - OOTP Baseball 18.8 Build 76